 Dungeon Crawl Stone Soup version 0.32-a0-938-g40ac7a0 (webtiles) character file.

Game seed: 13799273550720543731

6812 Dorkslayer the Spear-Bearer (level 11, -12/81 HPs)
             Began as a Merfolk Fighter on Apr 21, 2024.
             Was a High Priest of Okawaru.
             Mangled by a fire crab (15 damage)
             ... on level 10 of the Dungeon.
             The game lasted 00:40:17 (8393 turns).

Dorkslayer the Spear-Bearer (Merfolk Fighter)       Turns: 8393, Time: 00:40:17

Health: -12/81     AC: 20    Str: 21    XL:     11   Next: 5%
Magic:  12/13      EV:  8    Int:  7    God:    Okawaru [*****.]
Gold:   1077       SH: 11    Dex: 20    Spells: 10/10 levels left

rFire   . . .        n - +4 spear "Gram" {venom, rCorr}
rCold   . . .        c - +0 buckler
rNeg    . . .        B - +0 plate armour
rPois   .            w - +2 helmet
rElec   .            C - +2 cloak
rCorr   +            d - +0 pair of gloves
SInv    .            (no boots)
Will    .....        A - amulet of reflection Stlth
                     f - +4 ring of protection
HPRegen 0.33/turn    x - +6 ring of dexterity
MPRegen 0.13/turn

%: reflection
@: about to teleport, corroded
A: (nimble swimmer 2), mertail
a: Renounce Religion, Heroism, Finesse, Duel


You were on level 10 of the Dungeon.
You worshipped Okawaru.
Okawaru was extremely pleased with you.
You visited 2 branches of the dungeon, and saw 11 of its levels.
You also visited: Sewer.

You collected 1440 gold pieces.
You spent 363 gold pieces at shops.

Inventory:

Hand Weapons
 a - a +0 trident
 n - the +4 spear "Gram" (weapon) {venom, rCorr}
   (You found it on level 5 of the Dungeon)

   rCorr:     It protects you from acid and corrosion.
 y - a +2 broad axe
 D - a +2 war axe
Missiles
 i - 4 boomerangs
 p - a curare-tipped dart (quivered)
Armour
 c - a +0 buckler (worn)
 d - a +0 pair of gloves (worn)
 w - a +2 helmet (worn)
 B - a +0 plate armour (worn)
 C - a +2 cloak (worn)
Jewellery
 f - a +4 ring of protection (left hand)
 x - a +6 ring of dexterity (right hand)
 A - an amulet of reflection (around neck)
Talismans
 g - a flux talisman
Wands
 q - a wand of polymorph (5)
 s - a wand of digging (2)
Scrolls
 b - 2 scrolls of fog
 e - 3 scrolls of teleportation
 t - 3 scrolls of enchant armour
Potions
 j - 2 potions of enlightenment
 k - 3 potions of curing
 l - 3 potions of attraction
 m - a potion of haste {unknown}
 r - 3 potions of cancellation
 z - 2 potions of magic
 E - a potion of lignification {unknown}
 H - a potion of berserk rage {unknown}


   Skills:
 + Level 6.3 Fighting
 + Level 11.9 Polearms
 + Level 0.6 Throwing
 + Level 5.1 Armour
 + Level 7.3 Dodging
 + Level 2.7 Stealth
 + Level 5.7 Shields
 * Level 3.0 Invocations
 * Level 3.0 Evocations
 * Level 8.2 Shapeshifting


You had 10 spell levels left.
You didn't know any spells.
Your spell library contained the following spells:

 Spells                   Type           Power      Damage    Failure   Level
 Apportation              Tloc           0%         N/A       100%        1
 Sandblast                Erth           0%         2d4       100%        1
 Slow                     Hex            0%         N/A       100%        1
 Jinxbite                 Hex            0%         N/A       100%        2
 Sublimation of Blood     Necr           0%         N/A       100%        2
 Confusing Touch          Hex            0%         N/A       100%        3
 Frozen Ramparts          Ice            0%         1d1       100%        3
 Ozocubu's Armour         Ice            0%         N/A       100%        3
 Passwall                 Erth           0%         N/A       100%        3
 Vampiric Draining        Necr           0%         2d6       100%        3
 Dimensional Bullseye     Hex/Tloc       0%         N/A       100%        4
 Iskenderun's Mystic Bla Conj/Tloc 0%             2d3        (+2d1     100%        4
 Petrify                  Alch/Erth      0%         N/A       100%        4
 Borgnjor's Vile Clutch   Necr/Erth      0%         N/A       100%        5
 Irradiate                Conj/Alch      0%         3d11      100%        5
 Metabolic Englaciation   Hex/Ice        0%         N/A       100%        5
 Yara's Violent Unravell  Hex/Alch       0%         3d3       100%        5
 Enfeeble                 Hex            0%         N/A       100%        7
 Tukima's Dance           Hex            Unusable   N/A       N/A         3

Dungeon Overview and Level Annotations

Branches:
Dungeon (10/15)            Temple (1/1) D:4            Lair (0/5) D:9
  Sewer (visited)
    Orc: D:9-12

Altars:
Ashenzari
Cheibriados
Dithmenos
Elyvilon
Fedhas
Gozag
Hepliaklqana
Kikubaaqudgha
Makhleb
Nemelex Xobeh
Okawaru
Qazlal
Ru
Sif Muna
Trog
Uskayaw
Vehumet
Wu Jian
Xom
Yredelemnul
Zin
The Shining One
Beogh

Shops:
D:8 [


Innate Abilities, Weirdness & Mutations

((You are very nimble when in or above water. (Stealth+, EV+, Speed+++)))
Your lower body shifts to a powerful aquatic tail in water.


Message History

p - a curare-tipped dart A fire crab and an entropy weaver come into view.
Found a troll skeleton.
The entropy weaver shouts!
You see here an ogre skeleton.
Okay, then.
You feel better. The fire crab bites you.
* * * LOW HITPOINT WARNING * * *
You are engulfed in flames!
* * * LOW HITPOINT WARNING * * *
The fire crab claws you but does no damage.
Okay, then.
You hit the fire crab.
The fire crab is poisoned.
The fire crab is lightly wounded.
The fire crab bites you but does no damage.
You block the fire crab's attack.
You feel better.
The entropy weaver points at you and mumbles some strange words.
The entropic weave corrodes you! You block the fire crab's attack.
The fire crab claws you but does no damage.
You hit the fire crab.
The fire crab looks even sicker.
The fire crab is lightly wounded.
As you read the scroll of teleportation, it crumbles to dust.
You feel strangely unstable.
The entropy weaver gestures at you while chanting.
The entropic weave corrodes you!
The fire crab bites you but does no damage.
The fire crab closely misses you.
You feel better. You block the fire crab's attack. x2
You barely miss the fire crab.
The fire crab is heavily wounded.
The fire crab bites you!
* * * LOW HITPOINT WARNING * * *
You are engulfed in flames!
* * * LOW HITPOINT WARNING * * *
You block the fire crab's attack.
You feel better. The fire crab bites you!
* * * LOW HITPOINT WARNING * * *
You are engulfed in flames!
You die...

....._.......#
.#.......#...#
###.....######
##...## ##.##
#####.########
........°....#
......<.###########
........'.÷.....@.#
#################t#
B# .# ÷# .# .# .#


You could see an entropy weaver and a fire crab (very poisoned).

Vanquished Creatures
  A fire crab (D:10)
  2 manticores
  A troll (D:9)
  Sigmund (D:5)
  4 yaks (D:8)
  A vampire (D:7)
  A vampire mosquito (D:7)
  A steam dragon (D:7)
  2 water moccasins (D:7)
  A sky beast (D:7)
  Pargi (Sewer)
  2 ice beasts (D:5)
  3 black bears
  5 orc warriors
  3 wolves (D:9)
  An ogre (D:6)
  A centaur (D:9)
  3 kobold brigands
  A phantom (D:5)
  Blork the orc (D:5)
  4 scorpions
  7 wights (D:8)
  4 killer bees (D:9)
  2 howler monkeys
  An electric eel (D:9)
  2 bombardier beetles (D:5)
  5 orc priests
  5 hounds
  A sleepcap (D:6)
  A gnoll bouda (D:4)
  3 iguanas
  9 orc wizards
  Natasha (thrice) (D:3)
  8 adders
  8 gnolls
  A river rat (D:5)
  A white imp (D:6)
  2 ufetubi (D:6)
  3 ribbon worms
  6 dart slugs
  33 orcs
  8 endoplasms
  8 giant cockroaches
  6 goblins
  7 hobgoblins
  9 jackals
  2 quokkas (D:2)
  7 ball pythons
  5 bats
  2 frilled lizards (D:2)
  16 kobolds
  9 rats
224 creatures vanquished.

Vanquished Creatures (collateral kills)
  A gnoll (D:4)
  A hobgoblin (D:4)
2 creatures vanquished.

Vanquished Creatures (others)
  5 dream sheep (D:6)
  2 kobolds
7 creatures vanquished.

Grand Total: 233 creatures vanquished

Notes
Turn   | Place    | Note
-------+----------+-------------------------------------------
     0 | D:1      | Dorkslayer the Merfolk Fighter began the quest for the Orb.
     0 | D:1      | Reached XP level 1. HP: 18/18 MP: 1/1
    54 | D:1      | You fall into a shaft and drop 1 floor!
    89 | D:2      | Reached XP level 2. HP: 24/24 MP: 2/2
   128 | D:2      | Reached skill level 3 in Polearms
   128 | D:2      | Reached XP level 3. HP: 29/29 MP: 3/3
   696 | D:1      | Found a roughly hewn altar of Beogh.
   717 | D:1      | Reached skill level 1 in Dodging
   717 | D:1      | Reached XP level 4. HP: 35/37 MP: 4/4
   728 | D:1      | Found a faded altar of an unknown god.
  1404 | D:3      | Found a bloodstained altar of Trog.
  1436 | D:3      | Reached skill level 4 in Polearms
  1489 | D:3      | Noticed Natasha
  1531 | D:3      | Killed Natasha
  1532 | D:3      | Reached skill level 1 in Shapeshifting
  1532 | D:3      | Reached XP level 5. HP: 13/42 MP: 5/5
  1725 | D:3      | Reached XP level 6. HP: 27/48 MP: 6/6
  1777 | D:3      | Reached skill level 5 in Polearms
  2093 | D:3      | Found a stormy altar of Qazlal.
  2173 | D:3      | Noticed Natasha
  2182 | D:3      | Killed Natasha
  2451 | D:3      | Noticed Natasha
  2456 | D:3      | Killed Natasha
  2481 | D:4      | Noticed a black bear
  2489 | D:4      | Identified a scroll of acquirement
  2499 | D:4      | Acquired a +4 ring of protection
  2603 | D:4      | Found a staircase to the Ecumenical Temple.
  2733 | D:4      | Got Onautug's Lessons on Location and Earth
  2832 | D:4      | Killed a black bear
  2833 | D:4      | Reached skill level 1 in Stealth
  2833 | D:4      | Reached XP level 7. HP: 31/54 MP: 4/7
  3211 | D:4      | Found a hazy altar of Hepliaklqana.
  3311 | Temple   | Entered the Ecumenical Temple
  3338 | Temple   | Became a worshipper of Warmaster Okawaru
  3366 | D:5      | Entered Level 5 of the Dungeon
  3378 | D:5      | Reached skill level 6 in Polearms
  3620 | D:5      | Reached XP level 8. HP: 52/61 MP: 5/8
  3764 | D:5      | Reached * piety under Okawaru
  3784 | D:5      | Identified the +4 spear "Gram" {venom, rCorr}
  3835 | D:5      | Noticed Sigmund
  3843 | D:5      | Killed Sigmund
  3844 | D:5      | Reached skill level 7 in Polearms
  3906 | D:5      | Found a glowing drain.
  3911 | Sewer    | Entered a sewer
  4010 | Sewer    | Noticed Pargi
  4018 | Sewer    | Killed Pargi
  4019 | Sewer    | Reached skill level 5 in Fighting
  4215 | D:5      | Found a glowing silver altar of Zin.
  4257 | D:5      | Reached skill level 5 in Dodging
  4276 | D:5      | Reached skill level 5 in Shapeshifting
  4352 | D:5      | Noticed Blork the orc
  4360 | D:5      | Killed Blork the orc
  4360 | D:5      | Reached ** piety under Okawaru
  4361 | D:5      | Reached skill level 8 in Polearms
  4407 | D:5      | Found a blossoming altar of Fedhas.
  4518 | D:6      | Reached XP level 9. HP: 53/68 MP: 6/9
  4583 | D:6      | Acquired 760 gold pieces
  4859 | D:6      | Found an opulent altar of Gozag.
  5156 | D:6      | Found a shimmering altar of Xom.
  5331 | D:7      | Reached skill level 9 in Polearms
  5630 | D:7      | Found a broken altar of Ashenzari.
  5884 | D:7      | Reached skill level 10 in Polearms
  5889 | D:7      | Reached *** piety under Okawaru
  5915 | D:7      | Noticed a manticore
  5929 | D:7      | HP: 1/69 [manticore (18)]
  5932 | D:7      | Killed a manticore
  5933 | D:7      | Reached XP level 10. HP: 31/76 MP: 10/10
  5935 | D:7      | Found the +6 Majin-Bo {spellvamp, MP+6 Int+6}
  6551 | D:8      | Found Jutwivamp's Armour Boutique.
  6594 | D:8      | Reached skill level 5 in Shields
  6626 | D:8      | Bought a +1 helmet for 149 gold pieces
  6626 | D:8      | Bought a +2 cloak for 214 gold pieces
  6749 | D:8      | Found a shimmering blue altar of Sif Muna.
  6749 | D:8      | Found a white marble altar of Elyvilon.
  7240 | D:8      | Reached **** piety under Okawaru
  7241 | D:8      | Reached skill level 1 in Invocations
  7299 | D:8      | Reached skill level 11 in Polearms
  7324 | D:8      | Reached skill level 1 in Evocations
  7354 | D:8      | Reached skill level 5 in Armour
  7444 | D:8      | Found a hide-covered altar of Uskayaw.
  7613 | D:9      | Found a sacrificial altar of Ru.
  7984 | D:9      | Noticed a manticore
  7999 | D:9      | Killed a manticore
  7999 | D:9      | Reached ***** piety under Okawaru
  8041 | D:9      | Found a staircase to the Lair.
  8085 | D:9      | Found a burning altar of Makhleb.
  8232 | D:10     | Entered Level 10 of the Dungeon
  8325 | D:10     | Found an ancient bone altar of Kikubaaqudgha.
  8357 | D:10     | Found a runed translucent door.
  8360 | D:10     | Noticed a fire crab
  8377 | D:10     | Killed a fire crab
  8378 | D:10     | Reached XP level 11. HP: 9/81 MP: 11/13
  8385 | D:10     | Noticed a fire crab
  8385 | D:10     | Noticed an entropy weaver
  8386 | D:10     | HP: 4/81 [fire crab (14)]
  8393 | D:10     | HP: 3/81 [fire crab (7)]
  8393 | D:10     | Mangled by a fire crab

Illustrated notes

Levels and vault maps discovered:
D:1:      nicolae_arrival_memento_mori, layout_loops_corners,
          hellmonk_ecumenical_altar_defaced_shrine
D:2:      layout_basic, kennysheep_decorative_pillar, kennysheep_cross_room
D:3:      layout_rooms, mainiacjoe_overflow_paths,
          nicolae_qazlal_eye_of_the_storm, minmay_diced_spiral, uniq_natasha
D:4:      layout_basic, mainiacjoe_overflow_boulevard,
          minmay_temple_entry_waves, serial_curves, eino_curves_03,
          eino_curves_04
D:5:      layout_rooms, mainiacjoe_overflow_brackets, lemuel_crystal_altar,
          lightli_sewer_entry_pipes, serial_library_hellmonk_room_b,
          uniq_sigmund, uniq_blork_the_orc
D:6:      layout_basic, kb_xom_exploding_sheep, mainiacjoe_overflow_24_doors
D:7:      minmay_blocky_corners, layout_loops_ring, overflow_temple_1_default
D:8:      layout_basic, nicolae_uskayaw_dance_hall, jmf_multi_god_temple,
          serial_shops, nicolae_shop_peninsula
D:9:      layout_irregular_city, lightli_temple_of_fire, amcnicky_altar_gilded,
          erik_lair_island, hex_medium
D:10:     gammafunk_mikee_crab_dinner, layout_long_grid, lemuel_round_altar,
          david_orc_3, serial_rivers, chequers_serial_rivers_small_a,
          chequers_serial_rivers_marsh, chequers_serial_rivers_micro_c,
          chequers_serial_rivers_micro_e, nicolae_letterblocks
          [nicolae_letter_subblock, nicolae_letter_subblock,
          nicolae_letter_subblock, nicolae_letter_subblock,
          nicolae_letter_subblock, nicolae_letter_subblock,
          nicolae_letter_subblock, nicolae_letter_subblock,
          nicolae_letter_subblock, nicolae_letter_subblock,
          nicolae_letter_subblock, nicolae_letter_subblock,
          nicolae_letter_subblock, nicolae_letter_subblock,
          nicolae_letter_subblock, nicolae_letter_subblock,
          nicolae_letter_subblock, nicolae_letter_subblock,
          nicolae_letter_subblock, nicolae_letter_subblock,
          nicolae_letter_subblock, nicolae_letter_subblock,
          nicolae_letter_subblock, nicolae_letter_subblock,
          nicolae_letter_subblock]
Temple:   hellmonk_temple_of_storms

Skill      XL: |  1  2  3  4  5  6  7  8  9 10 |
---------------+-------------------------------+-----
Polearms       | 3 4 5 6 8 10 11 | 11.9
Dodging        | 1 2 3 5 6 7 |  7.3
Shapeshifting  | 1 2 3 5 7 8 |  8.2
Fighting       | 4 5 6 |  6.3
Armour         | 3 4 5 |  5.1
Stealth        | 1 2 |  2.7
Shields        | 4 5 |  5.7
Invocations    | 3 |  3.0
Evocations     | 3 |  3.0
Throwing       | |  0.6

Action                     |  1- 3 |  4- 6 |  7- 9 | 10-12 || total
---------------------------+-------+-------+-------+-------++-------
  Melee: Trident           |   103 |   202 |   131 |       ||   436
         Spear             |       |       |   226 |   260 ||   486
         Tailslap          |       |       |     2 |       ||     2
  Throw: Boomerang         |       |     3 |     5 |       ||     8
         Dart              |       |       |       |     1 ||     1
         Throwing net      |       |       |       |     1 ||     1
  Evoke: Wand              |       |       |     2 |       ||     2
    Use: Potion            |       |     4 |     5 |     7 ||    16
         Scroll            |       |     6 |     4 |    12 ||    22
   Stab: Invisible         |       |     8 |     1 |       ||     9
         Held in net/web   |       |       |       |     3 ||     3
 Armour: Scale mail        |    81 |   126 |   104 |       ||   311
         Chain mail        |       |       |    75 |       ||    75
         Plate armour      |       |       |    33 |   101 ||   134
  Dodge: Dodged            |    74 |    90 |    87 |    72 ||   323
  Block: Buckler           |    33 |    54 |    75 |    85 ||   247
         Reflection        |       |       |       |     6 ||     6

Table legend: (Time is in decaauts)
 A = Elapsed time spent in this place.
 B = Non-inter-level travel time spent in this place.
 C = Inter-level travel time spent in this place.
 D = Time resting spent in this place.
 E = Time spent auto-exploring this place.
 F = Levels seen in this place.
 G = Mean time per level.
                   A        B        C        D        E       F      G
               +--------+--------+--------+--------+--------+-----+--------+
         Total |   8225 |   8225 |      0 |    180 |   3861 |  12 |  685.4 |
       Dungeon |   7996 |   7996 |      0 |    180 |   3812 |  10 |  799.6 |
        Temple |     42 |     42 |      0 |      0 |      0 |   1 |   42.0 |
         Sewer |    185 |    185 |      0 |      0 |     48 |   1 |  185.0 |
               +--------+--------+--------+--------+--------+-----+--------+

Top non-repeatable levels by time:
     D:7: 1226 daAuts
     D:3: 1105 daAuts
     D:8: 942 daAuts
     D:4: 934 daAuts
     D:1: 914 daAuts
     D:5: 808 daAuts
     D:6: 777 daAuts
     D:9: 630 daAuts
     D:2: 503 daAuts
   Sewer: 185 daAuts
    D:10: 153 daAuts
  Temple: 42 daAuts
